AoeStats
← XPIOC

Hideout

503279108Analyzed
4v4 RM · 1mo ago on Aug 30, 2026· 42m 55s· 8 players
Game mode
Random Map
Map size
Large (8 player)
Population
200
Speed
Normal
Resources
Standard
Victory
Conquest
Starting age
Dark Age
Ending age
Imperial Age
RankedLock teamsTeams togetherTeam positionsShared explorationLock speedFull tech treeHidden civsTurbo modeCheats
Victory
Defeat
🇧🇷 Turks · Brazil
1233
+13
🇧🇷 Burgundians · Brazil
1176
+16
🇪🇨 Malay · Ecuador
1163
+16
🇹🇷 Italians · Türkiye
1118
+18
🇷🇺 Maya · Russia
1219
-18
1203
-17
1201
-17
🇷🇺 Vikings · Russia
1043
-10
Leobossy
7:02 Loom
9:08 Feudal Age
10:01 Double-Bit Axe
10:00 Horse Collar
18:03 Castle Age
17:00 Gold Mining
20:44 Scale Barding Armor
23:13 Forging
25:40 Wheelbarrow
26:18 Bow Saw
26:42 Devotion
32:47 Imperial Age
32:25 Gold Shaft Mining
31:58 Elite Battle Elephant
34:33 Faith
36:41 Hand Cart
37:12 Heavy Plow
38:50 Iron Casting
40:09 Husbandry
41:38 Town Watch
bulger97
3:29 Loom
11:14 Feudal Age
17:06 Double-Bit Axe
18:23 Wheelbarrow
17:34 Town Watch
18:28 Fletching
18:38 Padded Archer Armor
20:45 Gold Mining
21:20 Horse Collar
23:47 Castle Age
23:55 Crossbowman
27:34 Bow Saw
28:27 Bow Saw
33:12 Bodkin Arrow
34:43 Thumb Ring
35:16 Hand Cart
34:48 Town Watch
39:23 Imperial Age
37:36 Leather Archer Armor
37:57 Stone Mining
38:13 Heavy Plow
40:33 Conscription
40:13 Elite Genoese Crossbowman
42:16 Chemistry
41:37 Ballistics
41:19 Bracer
41:49 Ring Archer Armor
Alex_AoE
11:10 Feudal Age
9:36 Double-Bit Axe
16:10 Castle Age
14:40 Bow Saw
15:35 Gold Mining
15:33 Horse Collar
16:24 Heavy Plow
17:53 Husbandry
18:59 Scale Barding Armor
20:02 Cavalier
23:52 Forging
27:26 Loom
28:40 Wheelbarrow
29:21 Iron Casting
31:02 Chain Barding Armor
31:11 Loom
34:17 Stone Mining
34:40 Town Watch
38:58 Light Cavalry
40:23 Hand Cart
40:08 Town Patrol
41:33 Fletching
42:11 Bodkin Arrow
44:10 Two-Man Saw
Dougras
8:49 Loom
10:41 Feudal Age
16:28 Castle Age
19:00 Double-Bit Axe
19:35 Horse Collar
20:39 Loom
24:39 Imperial Age
23:13 Bow Saw
27:49 Padded Archer Armor
31:18 Wheelbarrow
31:46 Town Watch
32:16 Hand Cart
33:43 Heavy Plow
34:51 Two-Man Saw
33:47 Gold Mining
33:47 Stone Mining
33:48 Gold Mining
34:54 Leather Archer Armor
35:05 Hand Cart
37:34 Ring Archer Armor
37:25 Treadmill Crane
37:40 Murder Holes
42:43 Hoardings
Маркиз Де Генерат
10:03 Feudal Age
11:11 Horse Collar
11:54 Double-Bit Axe
14:47 Scale Mail Armor
15:59 Forging
21:31 Castle Age
21:16 Arson
22:36 Squires
21:57 Eagle Warrior
23:28 Chain Mail Armor
26:19 Iron Casting
28:37 Wheelbarrow
29:18 Pikeman
in spite of everything
5:31 Loom
13:40 Feudal Age
14:05 Man-at-Arms
15:02 Town Watch
15:16 Long Swordsman
18:27 Wheelbarrow
18:26 Double-Bit Axe
19:18 Arson
20:45 Scale Mail Armor
23:21 Forging
23:33 Horse Collar
27:58 Castle Age
27:22 Gold Mining
28:02 Two-Handed Swordsman
29:17 Chain Mail Armor
29:36 Squires
29:40 Gambesons
34:18 Bow Saw
35:24 Iron Casting
38:19 Hand Cart
43:13 Imperial Age
40:23 Champion
FeedMachine666
13:01 Feudal Age
13:44 Double-Bit Axe
13:55 Loom
14:02 Horse Collar
22:01 Castle Age
20:42 Fletching
21:03 Padded Archer Armor
22:18 Crossbowman
23:16 Bow Saw
23:10 Heavy Plow
23:06 Gold Mining
25:52 Bodkin Arrow
28:50 Gold Shaft Mining
28:07 Stone Mining
31:06 Leather Archer Armor
33:03 Pikeman
35:57 Ballistics
37:21 Murder Holes
42:48 Imperial Age
XPIOC
6:20 Loom
8:57 Feudal Age
9:34 Double-Bit Axe
9:30 Horse Collar
15:35 Fletching
21:39 Castle Age
20:58 Gold Mining
21:46 Padded Archer Armor
21:48 Crossbowman
22:23 Bodkin Arrow
22:44 Leather Archer Armor
25:08 Thumb Ring
35:01 Imperial Age
32:17 Town Watch
36:08 Ballistics
36:48 Chemistry
35:51 Bracer
36:42 Arbalester
38:47 Ring Archer Armor
Connection lost

Rejoining the realm…

Still unreachable

The connection could not be restored.

Session expired

The server has moved on; the page needs a fresh start.